 Dungeon Crawl Stone Soup version 0.30-a0-757-ga6a79fd877 (webtiles) character file.

Game seed: 3483897919543640742

173387 Dittersdorf the Peltast (level 18, 0/124 HPs)
             Began as a Gargoyle Fighter on Feb 8, 2023.
             Was the Champion of Okawaru.
             Slain by a naga
             ... wielding a +3 mace
              (3 damage)
             ... on level 4 of the Snake Pit on Feb 9, 2023.
             The game lasted 00:48:25 (25778 turns).

Dittersdorf the Peltast (Gargoyle Fighter)         Turns: 25778, Time: 00:48:26

Health: 0/124      AC: 62    Str: 25    XL:     18   Next: 5%
Magic:  14/16      EV: 12    Int: 10    God:    Okawaru [******]
Gold:   2614       SH: 22    Dex: 12    Spells: 15/17 levels left

rFire   + . .      SeeInvis .    x - +3 eveningstar (venom)
rCold   . . .      Faith    .    J - +0 tower shield {rF+}
rNeg    + + +      Spirit   .    c - +8 plate armour "Cibim" {rPois Will+++ Dex+3 Stlth-}
rPois   ∞          Reflect  .    B - +1 helmet
rElec   +          Harm     .    D - +2 cloak
rCorr   .          Rampage  +    H - +2 pair of gloves of Idosaeklo {Rampage +Blink rN++ Int-2}
Will    ++++.                    b - +1 pair of boots Stlth
                                 q - amulet of regeneration
HPRegen 1.20/turn                g - +4 ring of protection
MPRegen 0.15/turn                G - +5 ring of evasion

@: heroic, flying, constricted
A: sickness immunity, AC +13, big wings, negative energy resistance 1,
electricity resistance, torment resistance 1, petrification resistance,
iridescent scales 1, low MP 1, mutation resistance 1
a: Renounce Religion, Evoke Blink, Heroism, Finesse, Duel


You were on level 4 of the Snake Pit.
You worshipped Okawaru.
Okawaru was exalted by your worship.
You visited 5 branches of the dungeon, and saw 27 of its levels.
You visited the Abyss 1 time.
You also visited: Sewer.

You collected 2614 gold pieces.

Inventory:

Hand Weapons
 x - a +3 eveningstar of venom (weapon)
Missiles
 m - 5 throwing nets
 E - 3 curare-tipped darts (quivered)
Armour
 b - a +1 pair of boots (worn)
 c - the +8 plate armour "Cibim" (worn) {rPois Will+++ Dex+3 Stlth-}
   (Okawaru gifted it to you on level 4 of the Snake Pit)

   Dex:       It affects your dexterity (+3).
   rPois:     It protects you from poison.
   Will:      It greatly increases your willpower.
   Stlth:     It makes you less stealthy.
 A - +0 ice dragon scales
 B - a +1 helmet (worn)
 D - a +2 cloak (worn)
 H - the +2 pair of gloves of Idosaeklo (worn) {Rampage +Blink rN++ Int-2}
   (Okawaru gifted it to you on level 3 of the Lair of Beasts)

   Int:       It affects your intelligence (-2).
   rN:        It greatly protects you from negative energy.
   +Blink:    It lets you blink.
   Rampage:   It bestows one free step when moving towards enemies.
 J - a +0 tower shield of fire resistance (worn)
Jewellery
 g - a +4 ring of protection (left hand)
 q - an amulet of regeneration (around neck)
 t - a ring of fire
 C - a ring of ice
 G - a +5 ring of evasion (right hand)
Wands
 a - a wand of quicksilver (21)
 l - a wand of roots (12)
 y - a wand of digging (7)
Scrolls
 f - 3 scrolls of poison
 h - 8 scrolls of fog
 r - 3 scrolls of blinking
 s - 7 scrolls of fear
 u - 9 scrolls of teleportation
 v - 10 scrolls of identify
Potions
 d - 5 potions of might
 i - 5 potions of brilliance
 j - 9 potions of curing
 k - 5 potions of heal wounds
 n - 4 potions of haste
 o - 2 potions of invisibility
 p - a potion of cancellation
 w - a potion of resistance
 z - a potion of mutation
 F - a potion of magic
 I - a potion of berserk rage


   Skills:
 + Level 17.9(22.9) Fighting
 + Level 16.4(21.4) Maces & Flails
 + Level 17.9(22.9) Armour
 + Level 17.9(22.9) Shields


You had 15 spell levels left.
You knew the following spells:

 Your Spells              Type           Power      Damage    Failure   Level
a - Passwall              Tmut/Erth      0%         N/A       98%         2

Your spell library contained the following spells:

 Spells                   Type           Power      Damage    Failure   Level
 Blink                    Tloc           0%         N/A       98%         2
 Ensorcelled Hibernation  Hex/Ice        0%         N/A       98%         2
 Lesser Beckoning         Tloc           0%         N/A       98%         2
 Momentum Strike          Conj/Tloc      0%         3d8       98%         2
 Wereblood                Tmut           0%         N/A       98%         2
 Dazzling Flash           Conj/Hex       0%         N/A       100%        3
 Gell's Gravitas          Tloc           0%         N/A       100%        3
 Swiftness                Air            0%         N/A       100%        3
 Teleport Other           Tloc           0%         N/A       100%        3
 Anguish                  Hex/Necr       0%         N/A       100%        4
 Manifold Assault         Tloc           0%         N/A       100%        4
 Agony                    Necr           0%         N/A       100%        5
 Blade Hands              Tmut           0%         N/A       100%        5
 Silence                  Hex/Air        0%         N/A       100%        5
 Iron Shot                Conj/Erth      0%         9d1       100%        6
 Enfeeble                 Hex            0%         N/A       100%        7
 Storm Form               Tmut/Air       0%         N/A       100%        7
 Sublimation of Blood     Necr           Unusable   N/A       N/A         2
 Animate Armour           Summ/Erth      Unusable   N/A       N/A         4
 Summon Ice Beast         Ice/Summ       Unusable   N/A       N/A         4
 Summon Mana Viper        Hex/Summ       Unusable   N/A       N/A         5
 Monstrous Menagerie      Summ           Unusable   N/A       N/A         7
 Summon Hydra             Summ           Unusable   N/A       N/A         7

Dungeon Overview and Level Annotations

Branches:
Dungeon (15/15)            Temple (1/1) D:5            Lair (5/5) D:8
 Shoals (0/4) Lair:3        Snake (4/4) Lair:3        Slime (0/5) Lair:4
    Orc (2/2) D:11            Elf (0/3) Orc:2        Vaults (0/5) D:13
 Depths (0/4) D:15          Sewer (visited)

Altars:
Ashenzari
Cheibriados
Dithmenos
Elyvilon
Fedhas
Gozag
Hepliaklqana
Kikubaaqudgha
Makhleb
Nemelex Xobeh
Okawaru
Qazlal
Ru
Sif Muna
Trog
Uskayaw
Vehumet
Wu Jian
Xom
Yredelemnul
Zin
The Shining One

Shops:
Orc:2 (([?   Snake:2 :==

Portals:
Trove: D:11 (give 7 scrolls of fear)


Innate Abilities, Weirdness & Mutations

You are immune to sickness and miasma.
Your stone body is resilient. (AC +13)
You are immune to poison.
Your large and strong wings let you fly.
You resist negative energy. (rN+)
You are resistant to electric shocks. (rElec)
You are resistant to unholy torment.
You are immune to petrification.
You are partially covered in iridescent scales. (AC +2)
Your magical capacity is low. (-10% MP)
You are somewhat resistant to further mutation.


Message History

* * * LOW HITPOINT WARNING * * *
You block the shock serpent's attack.
You gain the combat prowess of a mighty hero.
The guardian serpent casts a spell at you.
The salamander mystic blinks!
The nagaraja blinks!
You block the shock serpent's attack.
The naga warrior roars a battlecry!
You sock the shock serpent!
The shock serpent is moderately wounded.
The shock serpent's electric aura discharges, shocking you!
You resist. You block the nagaraja's attack. x2
The shock serpent bites you but does no damage.
The naga hits you with a +3 mace.
* * * LOW HITPOINT WARNING * * *
You block the naga's attack.
The salamander mystic casts a spell at the naga.
The naga seems to speed up.
You impale the shock serpent!!
The shock serpent is poisoned.
The shock serpent is severely wounded.
The shock serpent's electric aura discharges, shocking you!
You resist. You block the nagaraja's attack. The nagaraja grabs you.
The nagaraja constricts you. You block the shock serpent's attack.
The naga hits you with a +3 mace!!
* * * LOW HITPOINT WARNING * * *
You block the nagaraja's attack. The nagaraja constricts you.
The salamander mystic closely misses you.
You bludgeon the nagaraja!!
The nagaraja looks as sick as possible!
The nagaraja is moderately wounded.
You hear a shout!
You block the shock serpent's attack. The naga hits you with a +3 mace!
* * * LOW HITPOINT WARNING * * *
A naga comes into view. It is wielding a +0 trident.
The guardian serpent coils itself and waves its upper body at you.
The nagaraja gestures at you while chanting.
You resist with almost no effort. The nagaraja constricts you.
The shock serpent bites you but does no damage.
You barely miss the nagaraja.
The nagaraja is moderately wounded.
The naga hits you with a +3 mace.
You die...

#.......... #.8.#.##
#.N........ #...#..#
#......... ##.##..##
#..N...#######.##...#
##.....##...##.).#)..##
#.....N#<.8....8.))...###
##...)NS##...##.))#).....#
#..).NNSS#######)###......
#.N).).##@N...##)####.....
#.....####NN...#.).#
####..
#.....######.....#.8.# ###
.......# #......:#...#
##.. #......##
+.......##<## #... ......#
##.......#### ......
...... #.......## .......
..... #........# #......
#........## ##.....


You could see a nagaraja (fast, strong, extremely poisoned), a naga warrior, a
salamander mystic (strong), a salamander (strong), a shock serpent (very
poisoned), a mana viper, a guardian serpent and 5 nagas.

Vanquished Creatures
  Vashnia (Snake:2)
  Nikola (Snake:1)
  Jorgrun (D:13)
  Gastronok (Lair:2)
  Frances (D:14)
  2 tentacled starspawn (Abyss:2)
  The ghost of ASSMAN the Impaler, a journeyman MfBe of Trog (Lair:5)
  An orc warlord (Orc:1)
  Snorg (D:14)
  2 fire dragons
  Josephine (D:10)
  7 hydras
  3 ogre magi
  A salamander tyrant (Snake:2)
  A rakshasa (D:13)
  An ice dragon (D:15)
  8 centaur warriors
  A catoblepas (D:14)
  13 two-headed ogres
  2 tengu warriors
  8 naga warriors
  8 anacondas
  4 boulder beetles
  A dancing weapon (Lair:5)
  12 death yaks
  2 orc high priests
  13 naga sharpshooters
  3 thrashing horrors (Abyss:2)
  3 shock serpents
  Nergalle (Lair:1)
  An iron troll (Orc:2)
  3 skeletal warriors (D:12)
  A salamander mystic (Snake:1)
  A deep troll (Orc:2)
  6 naga ritualists
  A wizard (D:15)
  2 orc knights
  4 deep elf pyromancers
  3 orc sorcerers
  10 ugly things
  12 mana vipers
  10 cyclopes
  4 manticores
  15 salamanders
  28 elephants
  5 guardian serpents
  30 black mambas
  17 naga magi
  A torpor snail (shapeshifter) (D:13)
  9 cane toads
  Maggie (Lair:2)
  7 gargoyles
  A kobold demonologist (D:11)
  A tengu conjurer (D:15)
  2 rime drakes
  11 komodo dragons
  14 trolls
  A troll (shapeshifter) (D:15)
  5 hornets
  7 polar bears (Lair:5)
  A wind drake (Lair:3)
  Grinder (D:5)
  Prince Ribbit (D:5)
  7 dream sheep (Lair:5)
  11 blink frogs
  5 slime creatures (D:13)
  A spriggan (shapeshifter) (D:14)
  2 shadows
  11 spriggans (Lair:5)
  4 wyverns
  A ynoxinul (Abyss:2)
  37 yaks
  6 wraiths
  3 basilisks
  2 neqoxecs (Abyss:2)
  7 vampire mosquitoes
  14 two-headed ogre zombies (D:13)
  3 wargs
  48 nagas
  15 water moccasins
  An acid dragon (D:11)
  2 large abominations (Abyss:2)
  20 orc warriors
  Pargi (Sewer)
  4 ice beasts
  18 ogres
  5 black bears
  19 centaurs
  8 boggarts
  A phantom (D:5)
  22 wolves
  6 kobold brigands
  9 bullfrogs
  A necrophage (D:6)
  A scorpion (D:5)
  19 wights
  2 small abominations (Abyss:2)
  7 howler monkeys
  An electric eel (D:15)
  2 hounds (D:5)
  Crazy Yiuf (D:5)
  A quasit (Abyss:2)
  2 gnoll boudas
  11 orc priests
  8 iguanas
  A starcursed mass (Abyss:2)
  5 jellies
  20 orc wizards
  Ijyb (D:5)
  11 adders
  23 gnolls
  A shadow imp (D:5)
  A white imp (D:7)
  An ufetubus (D:5)
  A worm (D:2)
  3 dart slugs
  65 orcs
  8 ball pythons
  5 endoplasms
  6 giant cockroaches
  6 goblins
  9 hobgoblins
  4 jackals (D:2)
  A quokka (D:2)
  4 bats
  8 frilled lizards
  38 kobolds
  4 rats
896 creatures vanquished.

Vanquished Creatures (others)
  An orc sorcerer (Orc:1)
  An orc priest (Orc:2)
  An orc wizard (Orc:1)
  30 fungi
  A lurking horror (Abyss:2)
  32 plants
  4 starspawn tentacles (Abyss:2)
70 creatures vanquished.

Grand Total: 966 creatures vanquished

Notes
Turn   | Place    | Note
-------+----------+-------------------------------------------
     0 | D:1      | Dittersdorf the Gargoyle Fighter began the quest for the
                  | Orb.
     0 | D:1      | Reached XP level 1. HP: 14/14 MP: 1/1
   145 | D:1      | Reached XP level 2. HP: 19/19 MP: 2/2
   469 | D:1      | Reached XP level 3. HP: 23/23 MP: 3/3
   737 | D:2      | Learned a level 2 spell: Passwall
   767 | D:2      | Reached XP level 4. HP: 20/29 MP: 4/4
  1049 | D:2      | Found a white marble altar of Elyvilon.
  1494 | D:3      | You fall into a shaft and drop 2 floors!
  1494 | D:5      | Entered Level 5 of the Dungeon
  1495 | D:5      | yay!
  1502 | D:5      | Noticed Ijyb
  1508 | D:5      | Killed Ijyb
  1509 | D:5      | Reached XP level 5. HP: 22/33 MP: 5/5
  1665 | D:5      | Found a staircase to the Ecumenical Temple.
  1676 | D:5      | Reached XP level 6. HP: 39/39 MP: 6/6
  1698 | Temple   | Entered the Ecumenical Temple
  1944 | D:5      | Noticed a water moccasin
  1956 | D:5      | Killed a water moccasin
  1967 | D:5      | Found a glowing drain.
  2004 | Sewer    | Entered a sewer
  2113 | Sewer    | Noticed Pargi
  2126 | Sewer    | Killed Pargi
  2127 | Sewer    | Reached skill level 5 in Fighting
  2127 | Sewer    | Reached skill level 5 in Armour
  2127 | Sewer    | Reached skill level 5 in Shields
  2127 | Sewer    | Reached XP level 7. HP: 33/44 MP: 7/7
  2299 | D:5      | Noticed Grinder
  2318 | D:5      | Killed Grinder
  2405 | D:5      | Reached XP level 8. HP: 40/51 MP: 8/8
  2453 | D:5      | Found a radiant altar of Vehumet.
  2476 | D:5      | Noticed Prince Ribbit
  2493 | D:5      | Killed Prince Ribbit
  2494 | D:5      | Reached skill level 5 in Maces & Flails
  2666 | D:5      | Found a runed translucent door.
  2667 | D:5      | Noticed Crazy Yiuf
  3532 | D:3      | Found a faded altar of an unknown god.
  4650 | D:5      | Killed Crazy Yiuf
  5190 | D:6      | Reached XP level 9. HP: 56/56 MP: 9/9
  6591 | D:8      | Found a staircase to the Lair.
  6819 | D:8      | Reached XP level 10. HP: 60/64 MP: 10/10
  6872 | D:8      | Noticed a two-headed ogre
  6882 | D:8      | Killed a two-headed ogre
  7216 | D:8      | Found an ornate altar of the Wu Jian Council.
  7219 | D:8      | Found a broken altar of Ashenzari.
  7224 | D:8      | Found a snail-covered altar of Cheibriados.
  7436 | D:9      | Noticed a two-headed ogre
  7456 | D:8      | Killed a two-headed ogre
  7627 | D:9      | Found a sacrificial altar of Ru.
  7893 | D:9      | Noticed a cyclops
  7917 | D:9      | Killed a cyclops
  7918 | D:9      | Reached XP level 11. HP: 35/71 MP: 11/11
  8221 | D:10     | Entered Level 10 of the Dungeon
  8221 | D:10     | Noticed Josephine
  8273 | D:10     | Killed Josephine
  8307 | D:10     | Found a glowing golden altar of the Shining One.
  8407 | D:10     | Reached skill level 10 in Armour
  8407 | D:10     | Reached skill level 10 in Shields
  8415 | D:10     | Reached skill level 10 in Fighting
  8582 | D:10     | Found an iron altar of Okawaru.
  8591 | D:10     | Became a worshipper of Warmaster Okawaru
  8972 | D:10     | Found a shadowy altar of Dithmenos.
  9134 | Lair:1   | Entered Level 1 of the Lair of Beasts
  9135 | Lair:1   | Upgraded the game from 0.30-a0-748-ge6a52f7cba to
                  | 0.30-a0-757-ga6a79fd877
  9153 | Lair:1   | Reached * piety under Okawaru
  9362 | Lair:1   | Reached ** piety under Okawaru
  9442 | Lair:1   | Noticed a fire dragon
  9492 | Lair:1   | Killed a fire dragon
  9612 | Lair:1   | Noticed a death yak
  9614 | Lair:1   | Noticed a death yak
  9614 | Lair:1   | Noticed a death yak
  9636 | Lair:1   | Killed a death yak
  9637 | Lair:1   | Reached XP level 12. HP: 20/79 MP: 10/12
  9654 | Lair:1   | Killed a death yak
  9665 | Lair:1   | Killed a death yak
  9666 | Lair:1   | Reached skill level 10 in Maces & Flails
  9941 | Lair:1   | You fall into a shaft and drop 1 floor!
  9942 | Lair:2   | yay!
 10039 | Lair:2   | Noticed a five-headed hydra
 10054 | Lair:2   | Killed a five-headed hydra
 10054 | Lair:2   | Reached *** piety under Okawaru
 10196 | Lair:2   | Noticed Gastronok
 10236 | Lair:2   | Killed Gastronok
 10236 | Lair:2   | Reached **** piety under Okawaru
 10714 | Lair:2   | Noticed Nergalle
 10799 | Lair:1   | Killed Nergalle
 10941 | Lair:2   | Noticed an eight-headed hydra
 10954 | Lair:2   | Killed an eight-headed hydra
 11042 | Lair:2   | Noticed Maggie
 11062 | Lair:2   | Killed Maggie
 11204 | Lair:2   | Noticed a boulder beetle
 11224 | Lair:2   | Killed a boulder beetle
 11399 | Lair:3   | Found a staircase to the Snake Pit.
 11481 | Lair:3   | Reached ***** piety under Okawaru
 11568 | Lair:3   | Found a staircase to the Shoals.
 11587 | Lair:3   | Reached XP level 13. HP: 51/86 MP: 13/13
 11908 | Lair:3   | Identified the +2 pair of gloves of Idosaeklo {Rampage
                  | +Blink rN++ Int-2} (Okawaru gifted it to you on level 3 of
                  | the Lair of Beasts)
 11908 | Lair:3   | Received a gift from Okawaru
 12949 | Lair:4   | Identified the +8 sling of Valour {freeze, Drain rC++
                  | Str+4}
 12966 | Lair:4   | Identified a scroll of acquirement
 12967 | Lair:4   | Acquired 314 gold pieces
 13518 | Lair:4   | Received a gift from Okawaru
 13525 | Lair:4   | Reached ****** piety under Okawaru
 13559 | Lair:4   | Found a runed translucent door.
 13565 | Lair:4   | Found a staircase to the Slime Pits.
 13846 | Lair:5   | Entered Level 5 of the Lair of Beasts
 14067 | Lair:5   | Gained mutation: Your large and strong wings let you fly.
                  | [Gargoyle growth]
 14067 | Lair:5   | Reached XP level 14. HP: 94/94 MP: 14/14
 14181 | Lair:5   | Received a gift from Okawaru
 14785 | Lair:5   | Identified the +2 pair of gloves of the Land of Plenty
                  | {rF+}
 14809 | Lair:5   | Identified the +0 great mace "Vitumehomu" {heavy, Int+2}
                  | (Okawaru gifted it to you on level 5 of the Lair of Beasts)
 14809 | Lair:5   | Received a gift from Okawaru
 15141 | Lair:5   | Found a runed translucent door.
 15142 | Lair:5   | Found a shimmering altar of Xom.
 15142 | Lair:5   | Noticed ASSMAN's ghost (journeyman MfBe)
 15585 | Lair:5   | Killed ASSMAN's ghost
 15585 | Lair:5   | Received a gift from Okawaru
 16119 | D:11     | Found a portal to a secret trove of treasure.
 16186 | D:11     | Found a staircase to the Orcish Mines.
 16287 | D:11     | Reached XP level 15. HP: 101/101 MP: 15/15
 16294 | D:11     | Found a blossoming altar of Fedhas.
 16502 | Orc:1    | Entered Level 1 of the Orcish Mines
 16668 | Orc:2    | Entered Level 2 of the Orcish Mines
 17120 | Orc:2    | Found a staircase to the Elven Halls.
 17201 | Orc:1    | Noticed an orc warlord
 17403 | Orc:1    | Killed an orc warlord
 17613 | Orc:2    | Found Osoqere's Magic Scroll Shoppe.
 17645 | Orc:2    | Reached skill level 15 in Armour
 17649 | Orc:2    | Reached skill level 15 in Shields
 17696 | Orc:1    | Reached skill level 15 in Fighting
 17834 | Orc:1    | Identified the +1 pair of boots "Nothre" {Drain rPois
                  | Str+6} (Okawaru gifted it to you on level 1 of the Orcish
                  | Mines)
 17834 | Orc:1    | Received a gift from Okawaru
 17981 | Orc:2    | Found Myah's Armour Emporium.
 17999 | Orc:2    | Found Juczul's Weapon Shop.
 18011 | Orc:2    | Found Miutoab's Weapon Shoppe.
 19054 | D:13     | Identified the +7 sling "Sengy" {drain, +Blink rC+++ rCorr
                  | Int-2}
 19110 | D:13     | Found a gate to the Vaults.
 19575 | D:13     | Reached XP level 16. HP: 109/109 MP: 16/16
 19623 | D:13     | Received a gift from Okawaru
 19941 | D:14     | Noticed Jorgrun
 19959 | D:13     | Killed Jorgrun
 20083 | D:14     | Noticed Frances
 20094 | D:14     | Killed Frances
 20197 | D:13     | Received a gift from Okawaru
 20360 | D:14     | Noticed Snorg
 20368 | D:14     | Killed Snorg
 20444 | D:15     | Entered Level 15 of the Dungeon
 20589 | D:15     | Identified the +1 scale mail "Wymopeth" {SInv}
 20684 | Abyss:2  | Cast into level 2 of the Abyss (a wizard)
 20723 | Abyss:2  | Gained mutation: You sometimes lose your temper in combat.
                  | [a neqoxec]
 20807 | Abyss:2  | Gained mutation: Armour fits poorly on your strangely
                  | shaped body. [a neqoxec]
 20808 | Abyss:2  | Gained mutation: You are frail. (-10% HP) [a neqoxec]
 21027 | Abyss:2  | Lost mutation: You sometimes lose your temper in combat.
                  | [potion of mutation]
 21027 | Abyss:2  | Lost mutation: You are frail. (-10% HP) [potion of
                  | mutation]
 21028 | Abyss:2  | Lost mutation: Armour fits poorly on your strangely shaped
                  | body. [potion of mutation]
 21028 | Abyss:2  | Gained mutation: You are occasionally teleported next to
                  | monsters. [potion of mutation]
 21029 | Abyss:2  | Lost mutation: You are occasionally teleported next to
                  | monsters. [potion of mutation]
 21029 | Abyss:2  | Gained mutation: You are partially covered in iridescent
                  | scales. (AC +2) [potion of mutation]
 21029 | Abyss:2  | Gained mutation: You are somewhat resistant to further
                  | mutation. [potion of mutation]
 21082 | Abyss:2  | Gained mutation: Your magical capacity is low. (-10% MP) [a
                  | neqoxec]
 21091 | Abyss:2  | Reached skill level 15 in Maces & Flails
 21151 | Abyss:2  | Noticed a tentacled starspawn
 21165 | Abyss:2  | Noticed a tentacled starspawn
 21183 | Abyss:2  | Killed a tentacled starspawn
 21183 | Abyss:2  | Received a gift from Okawaru
 21193 | Abyss:2  | Killed a tentacled starspawn
 21204 | D:15     | Escaped the Abyss
 21587 | D:15     | Found a staircase to the Depths.
 21806 | Snake:1  | Entered Level 1 of the Snake Pit
 22177 | Snake:1  | Noticed Nikola
 22196 | Snake:1  | Killed Nikola
 22196 | Snake:1  | Identified the +0 pair of gloves "Qigeizar" {-Tele rElec
                  | rF- rC+++} (Okawaru gifted it to you on level 1 of the
                  | Snake Pit)
 22196 | Snake:1  | Received a gift from Okawaru
 22784 | Snake:2  | Noticed Vashnia
 22812 | Snake:2  | Reached XP level 17. HP: 116/116 MP: 15/15
 22904 | Snake:2  | Killed Vashnia
 23333 | Snake:2  | Found Utwovvux's Book Emporium.
 23333 | Snake:2  | Found Xodata Hoca's Jewellery Boutique.
 23334 | Snake:2  | Found Hin Dey's Jewellery Boutique.
 24398 | Snake:3  | Identified the +5 chain mail of the Big Bang {+Inv Will+}
 25002 | Snake:4  | Entered Level 4 of the Snake Pit
 25335 | Snake:4  | Identified the +8 plate armour "Cibim" {rPois Will+++ Dex+3
                  | Stlth-} (Okawaru gifted it to you on level 4 of the Snake
                  | Pit)
 25335 | Snake:4  | Received a gift from Okawaru
 25620 | Snake:4  | Reached XP level 18. HP: 92/124 MP: 0/16
 25777 | Snake:4  | HP: 2/124 [naga/+3 mace (14)]
 25778 | Snake:4  | Slain by a naga

Illustrated notes # . ##. #.# ###.## #....# #@.# #...# #.#.# #. .# #. .# .. .# #. ## #. Turn 1495 on D:5: yay!

. .###
#..#####.
.........
#S.....
#....#
#....#
#@..#
#....#
##...P#
P...##
....#
##....
#.....
....P.#


Turn 9942 on Lair:2: yay!

Levels and vault maps discovered:
D:1:      dpeg_arrival_tiny_g, layout_loops_ring, minmay_tree_intersection,
          minmay_tetromino_o4
D:2:      layout_loops_ring, basic_altar
D:3:      layout_loops_ring, hellmonk_ecumenical_altar_prayer_group,
          minmay_pentomino_pile
D:4:      layout_loops_ring
D:5:      layout_loops_corners, nicolae_vehumet_radiance,
          minmay_temple_entry_water_ring, gup_sewer_entry_glass,
          dreamdust_princess_corridor, minmay_strange_pillars,
          hangedman_decor_clover_reticule, serial_bayou_pond_e,
          minmay_misc_feat_cross, kennysheep_diamond, uniq_grinder,
          uniq_prince_ribbit1, uniq_ijyb, uniq_crazy_yiuf_cottage
D:6:      layout_basic, grunt_ministairs_1
D:7:      layout_basic, lightli_orcish_oven
D:8:      layout_loops_corners, grunt_temple_overflow_diamond, dpeg_oklobed_lair
D:9:      layout_small_grid, nicolae_ru_sacrificial_ziggurat, minmay_lizard_king
D:10:     layout_basic, tso_metal_star, okawaru_gym_becter,
          grunt_dithmenos_shadows, uniq_josephine
D:11:     layout_big_octagon, david_orc_1_choice, enter_trove_1, fedhas_altar_1
D:12:     layout_rooms
D:13:     lemuel_ogre_cave, layout_irregular_city, kennysheep_dice
D:14:     layout_roguey, minmay_staircase_bubble, uniq_frances, uniq_jorgrun,
          uniq_snorg
D:15:     grunt_enter_depths_hoard, layout_basic, chequers_decorated_corner
Temple:   eino_temple_water
Lair:1:   dragon1_lemuel, layout_gridlike
Lair:2:   layout_concentric_octagons, beast_lair_carwin_2, uniq_nergalle,
          uniq_gastronok, uniq_maggie
Lair:3:   hellmonk_destroyed_diamonds, layout_layer_cave,
          minmay_shoals_entry_beasts, dummy_snake_entry
Lair:4:   layout_regular_city, slime_entry_2, lemuel_fruit_tree,
          grunt_megastairs_4
Lair:5:   minmay_lair_end_enchanted_forest, layout_hall_layers,
          ebering_ghost_xom
Snake:1:  layout_misc_corridors, serial_bayou_pond_a, uniq_nikola
Snake:2:  layout_chambers, minmay_shop_grove, uniq_vashnia
Snake:3:  layout_misc_corridors
Snake:4:  snake_pit_salamanders_mu, layout_onion, serial_shops,
          nicolae_square_shop, grunt_ministairs_5, drop_trap, library_closet
Orc:1:    layout_caves
Orc:2:    st_orc_open, layout_caves

Skill      XL: |  1  2  3  4  5  6  7  8  9 10 11 12 13 14 15 16 17 |
---------------+----------------------------------------------------+-----
Fighting       | 4 5 6 8 9 10 12 13 14 15 16 17 | 17.9
Armour         | 4 5 6 8 9 10 12 13 14 15 16 17 | 17.9
Shields        | 4 5 6 8 9 11 12 13 14 15 16 17 | 17.9
Maces & Flails | 3 4 5 7 8 9 11 12 13 14 15 16 | 16.4

Action                     |  1- 3 |  4- 6 |  7- 9 | 10-12 | 13-15 | 16-18 || total
---------------------------+-------+-------+-------+-------+-------+-------++-------
  Melee: Flail             |    72 |   167 |   474 |   715 |       |       ||  1428
         Morningstar       |       |       |       |    54 |   277 |       ||   331
         Demon whip        |       |       |       |       |   158 |       ||   158
         Eveningstar       |       |       |       |       |  1130 |  1382 ||  2512
  Throw: Dart              |       |       |       |     2 |       |       ||     2
 Invoke: Heroism           |       |       |       |     6 |     5 |     9 ||    20
    Use: Scroll            |       |     5 |     5 |    13 |     7 |     5 ||    35
         Potion            |       |       |       |       |       |    12 ||    12
   Stab: Petrified         |       |       |       |       |     5 |       ||     5
         Distracted        |       |       |       |       |       |     1 ||     1
 Armour: Scale mail        |    25 |    70 |       |       |       |       ||    95
         Chain mail        |       |    67 |   277 |       |       |   106 ||   450
         Plate armour      |       |       |       |   675 |  1349 |   816 ||  2840
  Dodge: Dodged            |    27 |    86 |   131 |   283 |   679 |   640 ||  1846
  Block: Buckler           |    19 |    55 |   100 |   256 |   687 |   236 ||  1353
         Tower shield      |       |       |       |       |       |  1038 ||  1038

Table legend: (Time is in decaauts)
 A = Elapsed time spent in this place.
 B = Non-inter-level travel time spent in this place.
 C = Inter-level travel time spent in this place.
 D = Time resting spent in this place.
 E = Time spent auto-exploring this place.
 F = Levels seen in this place.
 G = Mean time per level.
                   A        B        C        D        E       F      G
               +--------+--------+--------+--------+--------+-----+--------+
         Total |  25495 |  24093 |   1402 |   2148 |  14710 |  29 |  879.1 |
       Dungeon |  12587 |  11564 |   1023 |    495 |   7957 |  15 |  839.1 |
        Temple |    189 |    178 |     11 |      0 |    166 |   1 |  189.0 |
          Lair |   6504 |   6289 |    215 |    698 |   3944 |   5 | 1300.8 |
     Snake Pit |   3826 |   3756 |     70 |    483 |   1942 |   4 |  956.5 |
  Orcish Mines |   1642 |   1560 |     82 |    216 |    569 |   2 |  821.0 |
         Abyss |    507 |    507 |      0 |    255 |      0 |   1 |  507.0 |
         Sewer |    238 |    238 |      0 |      0 |    131 |   1 |  238.0 |
               +--------+--------+--------+--------+--------+-----+--------+

Top non-repeatable levels by time:
     D:5: 1782 daAuts
 Snake:2: 1699 daAuts
  Lair:5: 1580 daAuts
  Lair:3: 1439 daAuts
  Lair:1: 1414 daAuts
     D:8: 1203 daAuts
  Lair:4: 1197 daAuts
    D:13: 1117 daAuts
   Orc:2: 1013 daAuts
     D:6: 987 daAuts
    D:10: 917 daAuts
  Lair:2: 872 daAuts
     D:9: 805 daAuts
    D:11: 763 daAuts
 Snake:1: 762 daAuts
